 Dungeon Crawl Stone Soup version 0.30.0 (webtiles) character file.

Game seed: 17571893788127662849

6062 dialectric the Protected (level 10, 0/64 HPs)
             Began as a Gargoyle Fighter on May 6, 2023.
             Was an Initiate of Yredelemnul.
             Slain by a boulder beetle (18 damage)
             ... on level 10 of the Dungeon.
             The game lasted 00:11:40 (8171 turns).

dialectric the Protected (Gargoyle Fighter)         Turns: 8171, Time: 00:11:40

Health: 0/64       AC: 28    Str: 20    XL:     10   Next: 87%
Magic:  10/10      EV:  9    Int: 12    God:    Yredelemnul [......]
Gold:   581        SH:  0    Dex: 10    Spells: 9/9 levels left

rFire   + . .        L - +8 trident of the Octopus King {venom, rElec rPois}
rCold   . . .        (no shield)
rNeg    + + +        o - +3 chain mail {rN+}
rPois   ∞            f - +0 hat
rElec   +            D - scarf {repulsion}
rCorr   .            b - +0 pair of gloves
SInv    .            E - +4 pair of boots of Ashenzari's Envy {rF+ rN+++ Int+3 Dex-3}
Will    .....        (no amulet) Stlth
                     g - ring of flight
HPRegen 0.30/turn    (no ring)
MPRegen 0.12/turn

%: repel missiles
@: flying
A: sickness immunity, AC +7, negative energy resistance 1, electricity
resistance, torment resistance 1, petrification resistance
a: Renounce Religion, Recall Undead Harvest


You were on level 10 of the Dungeon.
You worshipped Yredelemnul.
Yredelemnul was noncommittal.
You visited 1 branch of the dungeon, and saw 11 of its levels.
You also visited: Ossuary.

You collected 581 gold pieces.

Inventory:

Hand Weapons
 a - a +1 flail
 L - the +8 trident of the Octopus King (weapon) {venom, rElec rPois}
   (You found it on level 6 of the Dungeon)

   rElec:     It insulates you from electricity.
   rPois:     It protects you from poison.
Missiles
 t - 33 poisoned darts (quivered)
Armour
 b - a +0 pair of gloves (worn)
 c - a +0 buckler
 f - a +0 hat (worn)
 o - a +3 chain mail of positive energy (worn)
 D - a scarf of repulsion (worn)
 E - the +4 pair of boots of Ashenzari's Envy (worn) {rF+ rN+++ Int+3 Dex-3}
   (You found it on level 6 of the Dungeon)

   Int:       It affects your intelligence (+3).
   Dex:       It affects your dexterity (-3).
   rF:        It protects you from fire.
   rN:        It renders you almost immune to negative energy.
 N - the +6 chain mail of the Tarantula {-Tele rC+ Will+ Dex+3}
   (You found it on level 7 of the Dungeon)

   Dex:       It affects your dexterity (+3).
   rC:        It protects you from cold.
   -Tele:     It prevents most forms of teleportation.
   Will:      It increases your willpower.
Jewellery
 g - a ring of flight (left hand)
 H - a ring of resist corrosion
 M - a ring of wizardry
Wands
 s - a wand of iceblast (14)
 C - a wand of paralysis (17)
Scrolls
 h - 3 scrolls of fog {unknown}
 i - a scroll of enchant weapon
 k - 9 scrolls of identify
 m - a scroll of teleportation
 p - a scroll of silence
 q - 5 scrolls of amnesia {unknown}
 v - 2 scrolls of blinking
 y - a scroll of noise {unknown}
 B - 2 scrolls of enchant armour
 F - a scroll of magic mapping {unknown}
 I - a scroll of brand weapon {unknown}
 K - 2 scrolls of fear {unknown}
Potions
 d - 6 potions of might
 e - 3 potions of mutation
 j - 3 potions of degeneration {unknown}
 l - 3 potions of heal wounds {unknown}
 n - 10 potions of curing {unknown}
 r - 3 potions of flight
 u - a potion of invisibility {unknown}
 w - a potion of resistance {unknown}
 x - 3 potions of magic {unknown}
 z - a potion of lignification {unknown}
 A - 2 potions of haste {unknown}
 G - 2 potions of brilliance {unknown}
 J - 3 potions of attraction {unknown}


   Skills:
 * Level 7.9 Fighting
 + Level 7.7 Maces & Flails
 * Level 8.1 Polearms
 + Level 0.2 Throwing
 + Level 9.5 Armour
 - Level 2.3 Dodging
 - Level 1.5 Stealth
 - Level 3.2 Shields


You had 9 spell levels left.
You didn't know any spells.
Your spell library contained the following spells:

 Spells                   Type           Power      Damage    Failure   Level
 Magic Dart               Conj           0%         1d3       88%         1
 Sting                    Tmut/Pois      0%         1d3       88%         1
 Call Imp                 Summ           0%         N/A       95%         2
 Poisonous Vapours        Pois/Air       0%         N/A       95%         2
 Gell's Gravitas          Tloc           0%         N/A       99%         3
 Ignite Poison            Fire/Tmut/Pois 0%         N/A       99%         3
 Mephitic Cloud           Conj/Pois/Air  0%         N/A       99%         3
 Teleport Other           Tloc           0%         N/A       99%         3
 Vhi's Electric Charge    Tloc/Air       0%         N/A       99%         3
 Olgreb's Toxic Radiance  Pois           0%         N/A       100%        4
 Arcjolt                  Conj/Air       0%         1d10      100%        5
 Freezing Cloud           Conj/Ice/Air   0%         6-21      100%        5
 Dispersal                Tloc           0%         N/A       100%        6
 Maxwell's Capacitive Co  Air            0%         ∞         100%        8
 Cigotuvi's Dreadful Rot  Necr/Pois/Air  Unusable   N/A       N/A         2

Dungeon Overview and Level Annotations

Branches:
Dungeon (11/15)            Temple (0/1) D:4         Ossuary (visited)
   Lair: D:8-11         Orc: D:9-12

Altars:
Ashenzari
Dithmenos
Fedhas
Gozag
Makhleb
Uskayaw
Vehumet
Xom
Yredelemnul

Shops:
D:10 [

Annotations:
D:8 Erica
D:11 Gastronok, Grum


Innate Abilities, Weirdness & Mutations

You are immune to sickness and miasma.
Your stone body is resilient. (AC +7)
You are immune to poison.
You resist negative energy. (rN+)
You are resistant to electric shocks. (rElec)
You are resistant to unholy torment.
You are immune to petrification.


Message History

You barely miss the boulder beetle.
The boulder beetle bites you but does no damage.
The wolf bites you but does no damage.
Unknown command.
You hit the boulder beetle but do no damage.
The boulder beetle is poisoned.
The wolf closely misses you. The boulder beetle bites you!
The wolf bites you but does no damage.
You puncture the boulder beetle!
The boulder beetle looks as sick as possible!
The boulder beetle is moderately wounded.
The wolf completely misses you.
The boulder beetle waves its antennae.
The boulder beetle bites you.
Unknown command.
You hit the boulder beetle but do no damage.
The boulder beetle looks as sick as possible!
The boulder beetle is moderately wounded.
The wolf misses you. The boulder beetle bites you.
* * * LOW HITPOINT WARNING * * *
The wolf bites you but does no damage.
Unknown command.
You puncture the boulder beetle!
The boulder beetle is heavily wounded.
The wolf closely misses you.
The boulder beetle bites you but does no damage.
Unknown command.
Unknown command.
You hit the boulder beetle.
The boulder beetle looks as sick as possible!
The boulder beetle is severely wounded.
The wolf bites you but does no damage.
The boulder beetle bites you but does no damage.
The wolf bites you but does no damage.
Unknown command.
You hit the boulder beetle but do no damage.
The boulder beetle looks as sick as possible!
The boulder beetle is almost dead.
The wolf closely misses you. The boulder beetle bites you!!
You die...
Your body rises from the dead as a mindless zombie.

#########################
...............h........#
...............B@.......#
........................#
......................[.#
.ZZZ....................#
#Z##..#####'#############
.ZZ#..#.Z.......#
..Z#.ZZZ........+
##.#####....#####
#.....#.......


You could see a boulder beetle (extremely poisoned) and a wolf.

Vanquished Creatures
  A two-headed ogre (D:9)
  An ugly thing (D:8)
  Maurice (D:10)
  A troll (D:9)
  Prince Ribbit (D:8)
  A vampire (D:9)
  A wyvern (D:7)
  3 yaks (D:10)
  A water moccasin (D:9)
  2 orc warriors
  2 ice beasts
  2 sky beasts (D:7)
  A black bear (D:5)
  3 ogres
  A centaur (D:6)
  2 phantoms
  A gnoll sergeant (D:9)
  2 bullfrogs
  3 scorpions
  8 killer bees
  4 howler monkeys
  A crimson imp (D:6)
  3 hounds
  An orc priest (D:6)
  2 human zombies (Ossuary)
  4 iguanas
  6 orc wizards
  3 mummies (Ossuary)
  5 gnolls
  3 adders
  A white imp (D:5)
  An ufetubus (D:5)
  A worm (D:2)
  A dart slug (D:4)
  18 orcs
  10 endoplasms
  3 giant cockroaches
  7 goblins
  10 hobgoblins
  13 kobolds
  5 quokkas
  9 ball pythons
  3 bats
  6 frilled lizards
  A gnoll zombie (Ossuary)
  6 goblin zombies
  3 hobgoblin zombies (Ossuary)
  3 kobold zombies (Ossuary)
  5 quokka zombies (Ossuary)
  7 rats
183 creatures vanquished.

Vanquished Creatures (collateral kills)
  A shadow (D:9)
  A yak (D:10)
  A sky beast (D:7)
  An ice beast (D:6)
  A centaur (D:7)
  A kobold brigand (D:9)
  2 jellies
  A hound (D:6)
  An orc priest (D:6)
  2 gnolls
  2 adders
  5 orcs
  A ball python (D:4)
  An endoplasm (D:4)
  2 giant cockroaches
  2 hobgoblins (D:4)
  A kobold (D:9)
26 creatures vanquished.

Vanquished Creatures (others)
  A killer bee zombie (D:9)
  A gnoll zombie (D:9)
  2 adder zombies
  An orc zombie (D:5)
  2 ball python zombies
  A hobgoblin zombie (D:4)
  A jackal zombie (D:3)
  A quokka zombie (D:3)
  4 plants (D:4)
14 creatures vanquished.

Grand Total: 223 creatures vanquished

Notes
Turn   | Place    | Note
-------+----------+-------------------------------------------
     0 | D:1      | dialectric the Gargoyle Fighter began the quest for the
                  | Orb.
     0 | D:1      | Reached XP level 1. HP: 14/14 MP: 1/1
   206 | D:1      | Reached XP level 2. HP: 19/19 MP: 2/2
   706 | D:2      | Reached XP level 3. HP: 23/23 MP: 3/3
   775 | D:2      | Reached skill level 1 in Dodging
   775 | D:2      | Reached XP level 4. HP: 27/29 MP: 4/4
  1252 | D:3      | Found a faded altar of an unknown god.
  1390 | D:3      | Prayed at the altar of an unknown god.
  1390 | D:3      | Became a worshipper of Yredelemnul the Dark
  1390 | D:3      | Reached * piety under Yredelemnul
  1498 | D:3      | Found an opulent altar of Gozag.
  1552 | D:3      | Reached XP level 5. HP: 10/33 MP: 5/5
  1887 | D:3      | Reached skill level 4 in Armour
  2045 | D:3      | Found a shimmering altar of Xom.
  2053 | D:3      | Found a shadowy altar of Dithmenos.
  2115 | D:3      | Reached ** piety under Yredelemnul
  2241 | D:3      | Reached XP level 6. HP: 37/38 MP: 6/6
  2262 | D:3      | Reached *** piety under Yredelemnul
  2645 | D:4      | Found a blossoming altar of Fedhas.
  2712 | D:4      | Found a staircase to the Ecumenical Temple.
  2900 | D:4      | Reached skill level 5 in Maces & Flails
  2900 | D:4      | Reached XP level 7. HP: 44/44 MP: 7/7
  3032 | D:5      | Entered Level 5 of the Dungeon
  3044 | D:5      | Reached skill level 5 in Armour
  3082 | D:5      | Reached skill level 5 in Fighting
  3644 | D:5      | Reached skill level 6 in Armour
  3644 | D:5      | Reached XP level 8. HP: 37/49 MP: 8/8
  4126 | D:6      | Found a radiant altar of Vehumet.
  4126 | D:6      | Found a burning altar of Makhleb.
  4143 | D:6      | Identified the +4 pair of boots of Ashenzari's Envy {rF+
                  | rN+++ Int+3 Dex-3}
  4239 | D:6      | Reached skill level 1 in Stealth
  4248 | D:6      | Reached skill level 7 in Armour
  4463 | D:6      | Found a sand-covered staircase.
  4467 | D:6      | Found the +8 trident of the Octopus King {venom, rElec
                  | rPois}
  4470 | Ossuary  | Entered an ossuary
  4735 | D:6      | Reached XP level 9. HP: 55/55 MP: 9/9
  4897 | D:6      | Found a hide-covered altar of Uskayaw.
  4961 | D:6      | Reached skill level 1 in Polearms
  5342 | D:7      | Found a broken altar of Ashenzari.
  5586 | D:7      | Reached skill level 8 in Armour
  5709 | D:7      | Identified the +6 chain mail of the Tarantula {-Tele rC+
                  | Will+ Dex+3}
  6249 | D:8      | Noticed Prince Ribbit
  6260 | D:8      | Killed Prince Ribbit
  6334 | D:8      | Noticed an eight-headed hydra
  6334 | D:8      | Noticed an efreet
  6335 | D:8      | Noticed a brown ugly thing
  6355 | D:8      | Noticed Erica
  6494 | D:9      | Reached skill level 5 in Polearms
  6546 | D:9      | Noticed a two-headed ogre
  6554 | D:9      | Killed a two-headed ogre
  6555 | D:9      | Reached XP level 10. HP: 33/63 MP: 10/10
  7060 | D:9      | Reached skill level 9 in Armour
  7849 | D:8      | Killed a brown ugly thing
  7908 | D:10     | Entered Level 10 of the Dungeon
  7927 | D:10     | Noticed Maurice
  7938 | D:10     | Killed Maurice
  8077 | D:10     | Found Vil Tuzi's Antique Armour Shop.
  8157 | D:11     | Noticed Grum
  8157 | D:11     | Noticed Gastronok
  8157 | D:11     | Noticed a cyclops
  8157 | D:11     | Noticed a boulder beetle
  8158 | D:11     | Noticed a purple ugly thing
  8171 | D:10     | Slain by a boulder beetle

Illustrated notes

Levels and vault maps discovered:
D:1:      dpeg_arrival_rhombus, layout_loops_ring, minmay_tiny_reverse_x
D:2:      layout_loops_ring, minmay_misc_feat_square, uniq_sigmund
D:3:      kennysheep_six_static_rooms, layout_loops_corners, minitemple,
          hellmonk_ecumenical_altar_crossroads
D:4:      cheibrodos_old_hovel, layout_rooms, fedhas_altar_decomposition,
          minmay_temple_entry_arrows, minmay_bisected
D:5:      layout_basic
D:6:      layout_loops_cross, kennysheep_little_box,
          grunt_temple_overflow_lords_of_destruction, enter_ossuary_4
D:7:      layout_loops_corners, lemuel_tele_altar, minmay_misc_feat_hallway,
          minivault_10
D:8:      layout_basic, serial_shops, shop, st_stairs_8, minmay_radiant,
          uniq_prince_ribbit1, uniq_erica
D:9:      layout_loops_corners
D:10:     layout_grid_maze, kennysheep_orc_sif_temple, david_orc_2,
          nicolae_inconvenience_store, uniq_urug, uniq_snorg, uniq_maurice
D:11:     layout_cave_pools, erik_lair_orcish_takeover, roderic_serpentine_path,
          uniq_grum, uniq_gastronok

Skill      XL: |  1  2  3  4  5  6  7  8  9 10 |
---------------+-------------------------------+-----
Dodging        | 1 2 |  2.3
Maces & Flails | 3 4 5 6 7 |  7.7
Fighting       | 4 5 7 |  7.9
Armour         | 4 6 7 8 9 |  9.5
Stealth        | 1 |  1.5
Polearms       | 6 8 |  8.1
Throwing       | |  0.2
Shields        | |  3.2

Action                     |  1- 3 |  4- 6 |  7- 9 | 10-12 || total
---------------------------+-------+-------+-------+-------++-------
  Melee: Flail             |    89 |   217 |   232 |       ||   538
         Punch             |     1 |     4 |     2 |       ||     7
         Trident           |       |       |   119 |   128 ||   247
  Throw: Dart              |       |       |       |     2 ||     2
  Evoke: Wand              |       |       |     1 |       ||     1
    Use: Scroll            |     1 |       |     4 |     5 ||    10
         Potion            |       |       |     1 |       ||     1
   Stab: Distracted        |       |       |     1 |       ||     1
         Paralysed         |       |       |     1 |       ||     1
 Armour: Scale mail        |    33 |       |       |       ||    33
         Chain mail        |    22 |   161 |   295 |   115 ||   593
  Dodge: Dodged            |    51 |   111 |   194 |    60 ||   416
         Repelled          |       |       |     2 |       ||     2
